 Dungeon Crawl Stone Soup version 0.27-a0-1147-gb3d8e82157 (webtiles) character file.

Game seed: 63715805211653559

179 DasRunzen the Slasher (level 5, -8/41 HPs)
             Began as a Demonspawn Gladiator on May 12, 2021.
             Was a Follower of Cheibriados.
             Mangled by Edmund
             ... wielding a +2 flail of holy wrath
              (12 damage)
             ... on level 4 of the Dungeon.
             The game lasted 00:04:23 (2881 turns).

DasRunzen the Slasher (Demonspawn Gladiator)        Turns: 2881, Time: 00:04:24

Health: -8/41      AC:  4    Str: 17    XL:     5   Next: 32%
Magic:  6/6        EV: 13    Int: 13    God:    Cheibriados [*.....]
Gold:   75         SH:  0    Dex: 18    Spells: 5/6 levels left

rFire    . . .     SeeInvis .   a - +1 long sword
rCold    . . .     Faith    .   (no shield)
rNeg     . . .     Spirit   .   b - +0 leather armour
rPois    .         Reflect  .   c - +0 helmet
rElec    .         Harm     .   (no cloak)
rCorr    .         Rampage  .   (no gloves)
Will     .....                  (no boots)
Stlth    +.........             (no amulet)
HPRegen  0.13/turn              (no ring)
MPRegen  0.10/turn              (no ring)

@: very slow
A: talons 1, spiny 1
a: Renounce Religion, Bend Time


You were on level 4 of the Dungeon.
You worshipped Cheibriados.
Cheibriados was aware of your devotion.
You visited 1 branch of the dungeon, and saw 4 of its levels.

You collected 75 gold pieces.

Inventory:

Hand Weapons
 a - a +1 long sword (weapon)
Missiles
 d - 3 throwing nets (quivered)
Armour
 b - a +0 leather armour (worn)
 c - a +0 helmet (worn)
Jewellery
 h - a ring of protection from fire
Scrolls
 e - a scroll of teleportation
 i - a scroll of fear
 k - a scroll of blinking {unknown}
Potions
 f - a potion of curing
 g - a potion of heal wounds
 j - a potion of brilliance
 l - a potion of resistance
 m - a potion of invisibility


   Skills:
 + Level 3.0 Fighting
 + Level 3.4 Long Blades
 - Level 1.7 Throwing
 + Level 1.8 Armour
 + Level 3.4 Dodging
 + Level 1.0 Spellcasting
 + Level 1.2 Necromancy
 + Level 1.0 Invocations


You had 5 spell levels left.
You knew the following spells:

 Your Spells              Type           Power      Damage    Failure   Level
a - Animate Skeleton      Necr           8%         N/A       21%         1

Your spell library contained the following spells:

 Spells                   Type           Power      Damage    Failure   Level
 Pain                     Necr           16%        1d4       21%         1
 Vampiric Draining        Necr           2%         2d6       52%         3
 Animate Dead             Necr           2%         N/A       89%         4
 Agony                    Necr           4%         N/A       99%         5


Dungeon Overview and Level Annotations

Branches:
Dungeon (4/15)
 Temple: D:4-7

Altars:
Cheibriados
Zin

Shops:
D:3 *

Annotations:
D:4 Edmund


Innate Abilities, Weirdness & Mutations

You have sharp toenails.
You are partially covered in sharp spines.


Message History

Cheibriados appreciates the change of pace.
You feel sick.
You feel sick.
You are no longer poisoned.
You open the door.
Found a stone staircase leading down.
There is an open door here.
An endoplasm comes into view.
Edmund the Younger comes into view.
He is wielding a +2 flail of holy wrath.
The endoplasm quivers.
You barely miss the endoplasm. You claw the endoplasm.
The endoplasm is lightly wounded.
The endoplasm is struck by your spines.
You kill the endoplasm!
Cheibriados appreciates the change of pace.
Cheibriados raises the support of your attributes as your movement slows.
The helpless Edmund fails to defend himself.
You hit Edmund but do no damage. Your kick misses Edmund.
Edmund hits you with a +2 flail of holy wrath.
You convulse.
Edmund closely misses you.
You riposte.
You barely miss Edmund. You hit Edmund but do no damage. You claw Edmund.
Edmund is lightly wounded.
Edmund hits you with a +2 flail of holy wrath.
You convulse.
You hit Edmund but do no damage.
Edmund is lightly wounded.
Edmund hits you with a +2 flail of holy wrath.
You convulse.
You hit Edmund but do no damage. You claw Edmund.
Edmund is lightly wounded.
Edmund is struck by your spines.
Edmund hits you with a +2 flail of holy wrath.
You convulse.
You are too injured to fight recklessly!
You are too injured to fight recklessly!
Edmund is struck by your spines.
Edmund hits you with a +2 flail of holy wrath!
* * * LOW HITPOINT WARNING * * *
You convulse!
You die...

##...## #...##
#.>.... ### +......
#.##### #......
####.....## ##+####
#..#......# ##...##
#.........# .......
#.@@......#.........
#.........#..#######
#..##.....#..##...##
#####.....#..#......
#.........#..#....##
#..########..#....##
#..##....##..#......
#........'...##...##
#.....>..#...#######


You could see Edmund.

Vanquished Creatures
  An iguana (D:4)
  Terence (D:3)
  4 gnolls (D:3)
  2 adders
  An adder skeleton (D:4)
  A worm (D:2)
  A dart slug (D:3)
  7 ball pythons
  6 bats
  4 endoplasms
  6 goblins
  6 hobgoblins
  6 jackals (D:1)
  7 kobolds
  3 quokkas
  2 frilled lizards
  4 rats
62 creatures vanquished.

Notes
Turn   | Place    | Note
-------+----------+-------------------------------------------
     0 | D:1      | DasRunzen the Demonspawn Gladiator began the quest for the
                  | Orb.
     0 | D:1      | Reached XP level 1. HP: 16/16 MP: 1/1
   124 | D:1      | Gained mutation: You have sharp toenails. [demonic
                  | ancestry]
   124 | D:1      | Reached XP level 2. HP: 22/22 MP: 2/2
   506 | D:1      | Reached skill level 1 in Armour
   630 | D:1      | Gained mutation: You are partially covered in sharp spines.
                  | [demonic ancestry]
   630 | D:1      | Reached XP level 3. HP: 28/28 MP: 3/3
  1481 | D:2      | Learned a level 1 spell: Animate Skeleton
  1574 | D:3      | Found a faded altar of an unknown god.
  1729 | D:3      | Reached XP level 4. HP: 31/34 MP: 4/4
  1881 | D:3      | Became a worshipper of Cheibriados the Contemplative
  1881 | D:3      | Reached * piety under Cheibriados
  1909 | D:3      | Noticed Terence
  1913 | D:3      | Killed Terence
  1945 | D:3      | Found Zin's Purification Station.
  2376 | D:3      | Reached skill level 1 in Necromancy
  2584 | D:4      | Reached skill level 1 in Spellcasting
  2584 | D:4      | Reached XP level 5. HP: 25/40 MP: 6/6
  2766 | D:4      | Reached skill level 1 in Invocations
  2871 | D:4      | Noticed Edmund
  2881 | D:4      | Mangled by Edmund

Illustrated notes

Levels and vault maps discovered:
D:1:      mrwooster_arrival_statue, layout_basic
D:2:      layout_basic
D:3:      layout_loops_ring, zin_purify, chequers_ecumenical_altar_simple,
          uniq_terence
D:4:      layout_gridville, minmay_manual_moon, uniq_natasha, uniq_edmund

Skill      XL: |  1  2  3  4  5 |
---------------+----------------+-----
Long Blades    | 3 |  3.4
Dodging        | 3 |  3.4
Armour         | 1 |  1.8
Necromancy     | 1 |  1.2
Spellcasting   | 1 |  1.0
Fighting       | 3 |  3.0
Invocations    | 1 |  1.0
Throwing       | |  1.7

Action                   |  1- 3 |  4- 6 || total
-------------------------+-------+-------++-------
Melee: Long sword        |    78 |    40 ||   118
       Kick              |    17 |    12 ||    29
  Use: Scroll            |     7 |     3 ||    10
 Stab: Sleeping          |     2 |     2 ||     4
Armor: Leather armour    |    34 |     7 ||    41
Dodge: Dodged            |    59 |    14 ||    73
       Rpst.: Long sword |    18 |     4 ||    22

Table legend: (Time is in decaauts)
 A = Elapsed time spent in this place.
 B = Non-inter-level travel time spent in this place.
 C = Inter-level travel time spent in this place.
 D = Time resting spent in this place.
 E = Time spent auto-exploring this place.
 F = Levels seen in this place.
 G = Mean time per level.
                   A        B        C        D        E       F      G
               +--------+--------+--------+--------+--------+-----+--------+
         Total |   3143 |   3049 |     94 |    127 |   2563 |   4 |  785.8 |
       Dungeon |   3143 |   3049 |     94 |    127 |   2563 |   4 |  785.8 |
               +--------+--------+--------+--------+--------+-----+--------+

Top non-repeatable levels by time:
     D:3: 1130 daAuts
     D:1: 780 daAuts
     D:2: 756 daAuts
     D:4: 476 daAuts
